 Dungeon Crawl Stone Soup version 0.29-a0-289-g2178c42546 (webtiles) character file.

Game seed: 11338464982822305319

406 inmateoo the Ruffian (level 6, -5/43 (50) HPs)
             Began as a Palentonga Gladiator on Mar 18, 2022.
             Slain by a wight
             ... wielding a +4 battleaxe
              (12 damage)
             ... on level 3 of the Dungeon.
             The game lasted 00:04:45 (4026 turns).

inmateoo the Ruffian (Palentonga Gladiator)         Turns: 4026, Time: 00:04:46

HP:   -5/43 (50)    AC:  9    Str: 19    XL:     6   Next: 56%
MP:   6/6           EV:  4    Int:  8    God:
Gold: 182           SH:  0    Dex: 12    Spells: 5/5 levels left

rFire   . . .      SeeInvis +     - Unarmed
rCold   . . .      Faith    .   (no shield)
rNeg    + . .      Spirit   .   r - +0 plate armour
rPois   .          Reflect  .   (no helmet)
rElec   .          Harm     .   (no cloak)
rCorr   .          Rampage  .   (no gloves)
Will    .....                   (no barding)
Stlth   ..........              (no amulet)
HPRegen 0.14/turn               a - ring of positive energy
MPRegen 0.10/turn               (no ring)

@: hasted, heavily drained, very quick
A: large, rugged brown scales 3, see invisible, deformed body, roll 1, armoured
tail
a: Rolling Charge


You were on level 3 of the Dungeon.
You visited 1 branch of the dungeon, and saw 5 of its levels.

You collected 182 gold pieces.

Inventory:

Missiles
 c - a throwing net (quivered)
 d - a javelin
Armour
 r - a +0 plate armour (worn)
Jewellery
 a - a ring of positive energy (left hand)
Wands
 s - a wand of paralysis (4)
Scrolls
 b - a scroll of amnesia
 e - 4 scrolls of teleportation
 g - a scroll of fear
Potions
 h - a potion of brilliance
 i - a potion of ambrosia
 j - a potion of haste
 k - a potion of magic
 l - 2 potions of curing
 m - a potion of might
 n - 2 potions of invisibility {unknown}
 p - a potion of lignification {unknown}
 q - 3 potions of flight {unknown}


   Skills:
 + Level 3.5 Fighting
 - Level 1.3 Throwing
 + Level 2.2 Armour
 + Level 3.4 Dodging
 * Level 5.2 Unarmed Combat


You had 5 spell levels left.
You didn't know any spells.
Your spell library was empty.

Dungeon Overview and Level Annotations

Branches:
Dungeon (5/15)
 Temple: D:4-7

Altars:


Innate Abilities, Weirdness & Mutations

You are completely covered in rugged brown scales. (AC +3, +7% HP)
You have supernaturally acute eyesight. (SInv)
Armour fits poorly on your strangely shaped body.
You can roll at nearby foes to attack.
You have a long armoured tail.


Message History

k - a potion of magic
There is a stone staircase leading up, spattered with blood here.
You climb upwards.
The wight hits you with a +4 hand axe of freezing.
You partially resist.
You feel drained. The wight freezes you.
There is a stone staircase leading down here.
Okay, then.
The wight throws a stone.
The stone hits you.
The wight throws a stone.
The stone barely misses you.
The wight throws a stone.
The stone hits you but does no damage.
There is a stone staircase leading up here.
The wight throws a stone.
The stone hits you.
You climb upwards.
There is a stone staircase leading down here.
You start resting.
HP restored.
You climb downwards.
The wight hits you but does no damage.
The wight hits you with a +4 hand axe of freezing.
The wight freezes you. The wight barely misses you.
The wight hits you with a +4 battleaxe. You partially resist.
You feel drained.
There is a stone staircase leading up here.
The wight barely misses you.
The wight hits you with a +4 hand axe of freezing.
The wight freezes you.
You climb upwards.
There is a stone staircase leading down here.
The wight attacks as you move away!
The wight hits you with a +4 hand axe of freezing.
The wight freezes you.
The wight throws a stone.
The stone barely misses you. The wight attacks as you move away!
The wight hits you with a +4 battleaxe. You partially resist.
You feel drained. The wight attacks as you move away!
The wight hits you with a +4 battleaxe!
* * * LOW HITPOINT WARNING * * *
You partially resist.
You feel drained.
* * * LOW HITPOINT WARNING * * *
Press: ? - help, v - describe, . - travel
Here: a wight, wielding a +4 battleaxe and wearing a +0 robe The floor.
You feel yourself speed up. The wight hits you with a +4 battleaxe!
You die...

#.................#.
#...........#####.#.
#.###.###>..........
#.###.# #..######.##
###.....# #..# ##'##
#....#### #..# #....
#....# #..# #....
#....######..##
#....
#....@zz......#
#....
####.#....##..#
#.... #.#....##..#
#.... #.#....##..#
##### #.#...[##..#
###### #.#........#
#....# #.###.###.##
#....# #.# #.###.#
#....# #.###.....#
#....#


You could see 2 wights.

Vanquished Creatures
  An ogre (D:4)
  A scorpion (D:4)
  A wight (D:5)
  A hound (D:4)
  A gnoll (D:1)
  9 adders
  5 dart slugs
  7 orcs
  8 ball pythons
  3 bats (D:3)
  8 endoplasms
  A giant cockroach (D:1)
  4 goblins
  8 hobgoblins
  12 kobolds
  3 quokkas (D:1)
  3 frilled lizards
  4 rats
80 creatures vanquished.

Vanquished Creatures (others)
  A bat (D:1)
1 creature vanquished.

Grand Total: 81 creatures vanquished

Notes
Turn   | Place    | Note
-------+----------+-------------------------------------------
     0 | D:1      | inmateoo the Palentonga Gladiator began the quest for the
                  | Orb.
     0 | D:1      | Reached XP level 1. HP: 17/17 MP: 1/1
    80 | D:1      | Reached XP level 2. HP: 11/23 MP: 2/2
   546 | D:1      | Reached XP level 3. HP: 4/29 MP: 3/3
  1079 | D:1      | Reached skill level 1 in Armour
  1507 | D:2      | Reached XP level 4. HP: 28/36 MP: 4/4
  2015 | D:3      | Reached skill level 4 in Unarmed Combat
  3017 | D:4      | Reached XP level 5. HP: 42/42 MP: 5/5
  3233 | D:4      | Noticed an ogre
  3243 | D:4      | Killed an ogre
  3290 | D:4      | Reached XP level 6. HP: 23/50 MP: 6/6
  3531 | D:4      | Reached skill level 5 in Unarmed Combat
  3727 | D:5      | Entered Level 5 of the Dungeon
  4026 | D:3      | Slain by a wight

Illustrated notes

Levels and vault maps discovered:
D:1:      minmay_arrival_shoal_huts, layout_basic
D:2:      layout_loops_ring, minmay_pentomino_o2
D:3:      layout_basic, minivault_26
D:4:      cheibrodos_greedy_goblins, layout_rooms, old_standard_altar,
          minmay_starry_boxes
D:5:      layout_cave_pools, tso_altar

Skill      XL: |  1  2  3  4  5  6 |
---------------+-------------------+-----
Armour         | 1 2 |  2.2
Unarmed Combat | 4 5 |  5.2
Dodging        | 3 |  3.4
Fighting       | 3 |  3.5
Throwing       | |  1.3

Action                   |  1- 3 |  4- 6 || total
-------------------------+-------+-------++-------
Melee: Unarmed           |   126 |   161 ||   287
       Punch             |     4 |     3 ||     7
       Tailslap          |    11 |    15 ||    26
Throw: Throwing net      |     5 |     2 ||     7
 Abil: Rolling Charge    |       |    12 ||    12
  Use: Potion            |     3 |     1 ||     4
       Scroll            |       |    12 ||    12
 Stab: Held in net/web   |     1 |     3 ||     4
Armor: Leather armour    |    57 |     4 ||    61
       Ring mail         |       |    16 ||    16
       Plate armour      |       |    52 ||    52
Dodge: Dodged            |    55 |    55 ||   110

Table legend: (Time is in decaauts)
 A = Elapsed time spent in this place.
 B = Non-inter-level travel time spent in this place.
 C = Inter-level travel time spent in this place.
 D = Time resting spent in this place.
 E = Time spent auto-exploring this place.
 F = Levels seen in this place.
 G = Mean time per level.
                   A        B        C        D        E       F      G
               +--------+--------+--------+--------+--------+-----+--------+
         Total |   4014 |   3922 |     92 |   1910 |   1295 |   5 |  802.8 |
       Dungeon |   4014 |   3922 |     92 |   1910 |   1295 |   5 |  802.8 |
               +--------+--------+--------+--------+--------+-----+--------+

Top non-repeatable levels by time:
     D:3: 1228 daAuts
     D:2: 1076 daAuts
     D:1: 928 daAuts
     D:4: 583 daAuts
     D:5: 196 daAuts
